 Dungeon Crawl Stone Soup version 0.17.0-28-g6e173f8 (webtiles) character file.

3413 septik the Geomancer (level 10, 0/54 HPs)
             Began as a Gargoyle Earth Elementalist on Nov 23, 2015.
             Was a Believer of Vehumet.
             Slain by a killer bee (6 damage)
             ... on level 7 of the Dungeon.
             The game lasted 00:21:04 (8019 turns).

septik the Geomancer (Gargoyle Earth Elementalist)  Turns: 8019, Time: 00:21:04

Health: 0/54       AC: 14    Str: 12    XL:     10   Next: 5%
Magic:  6/22       EV: 18    Int: 19    God:    Vehumet [**....]
Gold:   330        SH:  0    Dex: 15    Spells: 4 memorised, 15 levels left

rFire  + . .     SeeInvis +     N - +3 whip (flame)
rCold  + . .     Clarity  .     F - +2 animal skin
rNeg   + . .     SustAt   .     (no shield)
rPois  ∞         Gourm    .     s - +1 helmet
rElec  +         Spirit   .     p - +0 cloak
rCorr  +         Warding  .     (no gloves)
rMut   .         Stasis   +     (no boots)
MR     .....                    Q - amulet of stasis
Stlth  +++.......               (no ring)
                                h - ring of see invisible

@: agile, resistant, not resistant to hostile enchantments, fairly stealthy
A: negative energy resistance 1, electricity resistance, unbreathing,
petrification resistance, rot immunity, AC +7
a: Renounce Religion


You were on level 7 of the Dungeon.
You worshipped Vehumet.
Vehumet was pleased with you.
You were not hungry.

You visited 1 branch of the dungeon, and saw 8 of its levels.

You collected 330 gold pieces.

Inventory:

Hand Weapons
 a - a +1 short sword of speed
 e - a +0 club
 N - a +3 whip of flaming (weapon)
Missiles
 b - 171 stones (quivered)
Armour
 i - a +0 robe
 p - a +0 cloak (worn)
 s - a +1 helmet (worn)
 F - a +2 animal skin (worn)
 G - a +0 buckler
Magical Staves
 J - an uncursed staff of air {unknown}
Jewellery
 f - an uncursed amulet of guardian spirit
 h - a ring of see invisible (left hand)
 Q - an amulet of stasis (around neck)
Wands
 E - a wand of lightning (8)
 O - a wand of paralysis (11)
Scrolls
 g - 3 scrolls of amnesia
 l - a scroll of teleportation
 n - 2 scrolls of enchant weapon
 o - 4 scrolls of blinking
 q - 6 scrolls of identify
 t - 4 scrolls of remove curse
 u - a scroll of magic mapping {unknown}
 y - 2 scrolls of fog {unknown}
 I - a scroll of immolation {unknown}
 L - a scroll of noise {unknown}
Potions
 k - a potion of cancellation
 r - a potion of curing {unknown}
 v - 2 potions of ambrosia {unknown}
 x - 2 potions of agility
 A - a potion of poison {unknown}
 B - 2 potions of lignification {unknown}
 C - 2 potions of resistance
 D - a potion of heal wounds {unknown}
 H - a potion of invisibility {unknown}
Books
 c - a book of Geomancy

   Spells                             Type                      Level
   a - Sandblast                      Earth                        1
   b - Stoneskin                      Transmutation/Earth          2
   c - Passwall                       Transmutation/Earth          3
   d - Stone Arrow                    Conjuration/Earth            3
   e - Petrify                        Transmutation/Earth          4
   f - Lee's Rapid Deconstruction     Earth                        5
 K - a book of Conjurations

   Spells                             Type                      Level
   a - Magic Dart                     Conjuration                  1
   b - Searing Ray                    Conjuration                  2
   c - Dazzling Spray                 Conjuration/Hexes            3
   d - Fulminant Prism                Conjuration/Hexes            4
   e - Iskenderun's Mystic Blast      Conjuration                  4
   f - Iskenderun's Battlesphere      Conjuration/Charms           5
 P - a Necronomicon

   Spells                             Type                      Level
   a - Haunt                          Necromancy/Summoning         7
   b - Borgnjor's Revivification      Necromancy                   8
   c - Death's Door                   Charms/Necromancy            8
   d - Necromutation                  Transmutation/Necromancy     8
Comestibles
 d - 5 bread rations
 j - 3 slices of pizza
 m - 2 beef jerkies
 w - 3 meat rations
 z - 10 fruits
 M - 2 chunks of flesh


   Skills:
 + Level 2.3 Fighting
 + Level 1.8 Maces & Flails
 + Level 2.5 Armour
 + Level 2.4 Dodging
 - Level 2.1 Stealth
 + Level 2.4 Shields
 + Level 8.5 Spellcasting
 * Level 6.8 Conjurations
 - Level 0.7 Transmutations
 + Level 8.7 Earth Magic


You had 15 spell levels left.
You knew the following spells:

 Your Spells              Type           Power        Failure   Level  Hunger
a - Sandblast             Erth           #####.       1%          1    None
b - Stoneskin             Trmt/Erth      ####....     1%          2    None
c - Stone Arrow           Conj/Erth      #####.       1%          3    None
d - Lee's Rapid Deconstr  Erth           #####.....   10%         5    #####..


Dungeon Overview and Level Annotations

Branches:
Dungeon (8/15)             Temple (0/1) D:7
   Lair: D:8-11

Altars:
Cheibriados
Elyvilon
Fedhas
Gozag
Nemelex Xobeh
Qazlal
Ru
Vehumet
Yredelemnul

Shops:
D:5 }


Innate Abilities, Weirdness & Mutations

You are resistant to torment.
Your stone body is resilient (AC +7).
You are immune to poison.
You resist negative energy.
You are resistant to electric shocks.
You can survive without breathing.
You are immune to petrification.
You are immune to rotting.


Message History

There is a stone staircase leading down here.
Casting: Stone Arrow
Confirm with . or Enter, or press ? or * to list all spells.
Aiming: Lee's Rapid Deconstruction
Press: ? - help, Dir - move target cursor, f - killer bee Fragment what (e.g. wall or brittle monster)?: a killer bee (moderately wounded)
You cannot affect that.
Okay, then.
The killer bee barely misses you. The killer bee stings you.
* * * LOW HITPOINT WARNING * * *
Drink which item? (? for menu, Esc to quit)
It was a potion of agility.
You feel agile all of a sudden. The killer bee closely misses you. x2
Drink which item? (? for menu, Esc to quit)
It was a potion of resistance.
You feel protected. The killer bee barely misses you.
The killer bee stings you.
You die...

# ### ##......# #.... # ##.##
#....#####.... ## ##...##
#.##.#......#. .#
##.....###.#.......#... .#
#.............#..>..... .#
#.........##.#<.)...... .#
#.......####........... (#
#..[....###..###..#..## .##
##....@..........#....# ..#
##..y.##.#.######....# #.#
#.>.......# #....# #p#
#.#†.....#######....# #.#
######.#....###........... #.#
#......###..#=..###.##...#
#.######.####........#####.##...#
.................#.### #..##...#
#.#####........##..# ##.###...#


You could see a killer bee.

Vanquished Creatures
  Pikel (D:7)
  Grinder (D:6)
  The ghost of Uberwunderbarhen the Chopper, an amateur OpFi of Makhleb (D:4)
  Menkaure (D:5)
  An orc warrior (D:7)
  2 ice beasts
  4 sky beasts
  A black bear (D:7)
  A centaur (D:7)
  A slave (D:7)
  2 ogres
  The ghost of Uberwunderbarhen the Chopper, an amateur OpFi of Cheibriados (D:3)
  4 giant frogs (D:7)
  3 killer bees
  4 orc priests
  2 hounds
  4 crimson imps
  3 orc wizards
  4 iguanas
  4 worker ants
  A hound zombie (D:6)
  A mummy (D:6)
  Robin (D:4)
  13 adders
  4 gnolls
  5 shadow imps
  An adder skeleton (D:6)
  2 worms (D:3)
  3 giant geckos
  19 orcs
  3 ball pythons
  11 bats
  19 goblins
  17 hobgoblins
  5 kobolds
  4 giant cockroaches
  A giant gecko skeleton (D:4)
  7 giant newts
  6 jackals
  A jackal zombie (D:5)
  4 quokkas
  A quokka skeleton (D:4)
  6 rats
180 creatures vanquished.

Vanquished Creatures (others)
  2 slaves (D:7)
  2 giant frogs (D:7)
  A centaur skeleton (D:7)
  A hound (D:7)
  An orc (D:7)
  2 butterflies (D:7)
9 creatures vanquished.

Grand Total: 189 creatures vanquished

Notes
Turn   | Place    | Note
--------------------------------------------------------------
     0 | D:1      | septik the Gargoyle Earth Elementalist began the quest for the Orb.
     0 | D:1      | Reached XP level 1. HP: 10/10 MP: 3/3
   250 | D:1      | Reached XP level 2. HP: 12/15 MP: 3/5
   826 | D:1      | Reached XP level 3. HP: 13/19 MP: 7/7
  1477 | D:2      | Learned a level 2 spell: Stoneskin
  1485 | D:2      | Learned a level 3 spell: Stone Arrow
  1508 | D:2      | Reached skill level 4 in Earth Magic
  1583 | D:2      | Reached XP level 4. HP: 24/24 MP: 9/9
  1762 | D:2      | Found a sacrificial altar of Ru.
  1768 | D:2      | Found a basalt altar of Yredelemnul.
  1984 | D:3      | Noticed Uberwunderbarhen's ghost (amateur OpFi)
  2103 | D:3      | Noticed an ogre
  2110 | D:3      | Killed an ogre
  2110 | D:3      | Reached skill level 1 in Conjurations
  2110 | D:3      | Reached XP level 5. HP: 25/28 MP: 7/11
  2177 | D:3      | Found a sparkling altar of Nemelex Xobeh.
  2439 | D:3      | Reached skill level 5 in Earth Magic
  2451 | D:3      | Killed Uberwunderbarhen's ghost
  2451 | D:3      | Reached XP level 6. HP: 30/32 MP: 6/13
  2669 | D:3      | Reached skill level 5 in Spellcasting
  2936 | D:3      | Found a radiant altar of Vehumet.
  2942 | D:3      | Became a worshipper of Vehumet
  3245 | D:3      | Reached XP level 7. HP: 36/36 MP: 14/14
  3337 | D:4      | Noticed Uberwunderbarhen's ghost (amateur OpFi)
  3347 | D:4      | Killed Uberwunderbarhen's ghost
  3559 | D:4      | Found a stormy altar of Qazlal.
  3761 | D:4      | Noticed Robin
  3777 | D:4      | Reached skill level 6 in Earth Magic
  3796 | D:4      | Reached * piety under Vehumet
  3796 | D:4      | Offered knowledge of Sting by Vehumet.
  3803 | D:4      | Killed Robin
  4047 | D:4      | Learned a level 5 spell: Lee's Rapid Deconstruction
  4133 | D:5      | Entered Level 5 of the Dungeon
  4146 | D:5      | Found a blossoming altar of Fedhas.
  4188 | D:5      | Found a white marble altar of Elyvilon.
  4220 | D:5      | Found an opulent altar of Gozag.
  4226 | D:5      | Noticed Menkaure
  4233 | D:5      | Killed Menkaure
  4272 | D:5      | Reached XP level 8. HP: 28/41 MP: 13/17
  4606 | D:5      | Reached skill level 7 in Earth Magic
  4892 | D:5      | Found Inisuiqi's Gadget Shop.
  5250 | D:5      | Reached skill level 5 in Conjurations
  5387 | D:5      | Offered knowledge of Throw Frost by Vehumet.
  6014 | D:6      | Reached XP level 9. HP: 45/45 MP: 13/20
  6062 | D:6      | Reached ** piety under Vehumet
  6177 | D:6      | Noticed Grinder
  6181 | D:6      | Killed Grinder
  6181 | D:6      | Reached skill level 8 in Spellcasting
  6437 | D:6      | Found a snail-covered altar of Cheibriados.
  6873 | D:7      | Reached skill level 1 in Shields
  6933 | D:7      | Reached skill level 1 in Fighting
  7057 | D:7      | Noticed Pikel
  7068 | D:7      | Killed Pikel
  7068 | D:7      | Reached skill level 1 in Maces & Flails
  7068 | D:7      | Reached skill level 1 in Armour
  7522 | D:7      | Found a staircase to the Ecumenical Temple.
  7774 | D:8      | Reached XP level 10. HP: 53/53 MP: 3/22
  7856 | D:7      | Offered knowledge of Throw Flame by Vehumet.
  8019 | D:7      | Slain by a killer bee

Action                   |  1- 3 |  4- 6 |  7- 9 | 10-12 || total
-------------------------+-------+-------+-------+-------++-------
Melee: Club              |    14 |       |       |       ||    14
       Unarmed           |     1 |       |       |       ||     1
       Short sword       |    88 |   213 |   257 |       ||   558
       Whip              |       |       |    86 |    33 ||   119
 Cast: Sandblast         |    14 |    34 |    18 |       ||    66
       Stone Arrow       |       |       |    88 |    15 ||   103
  Use: Scroll            |       |       |     7 |       ||     7
       Potion            |       |       |       |     2 ||     2
 Stab: Distracted        |     1 |       |       |       ||     1
       Sleeping          |     3 |     2 |     3 |       ||     8
  Eat: Chunk             |     2 |     6 |    15 |     1 ||    24
